 Dungeon Crawl Stone Soup version 0.28-a0-863-g8cecda6153 (webtiles) character file.

Game seed: 3962041895920808456

81536 TheGamechu the Warrior (level 15, -20/146 HPs)
             Began as a Minotaur Fighter on Nov 17, 2021.
             Was the Champion of Okawaru.
             Killed from afar by an Ice Fiend (53 damage)
             ... with a bolt of cold
             ... in an ice cave on Nov 18, 2021.
             The game lasted 01:42:35 (21036 turns).

TheGamechu the Warrior (Minotaur Fighter)          Turns: 21036, Time: 01:42:35

Health: -20/146    AC: 26    Str: 24      XL:     15   Next: 27%
Magic:  14/20      EV: 11    Int:  3 (11) God:    Okawaru [******]
Gold:   2417       SH: 17    Dex: 21      Spells: 14/14 levels left

rFire   + . .      SeeInvis .   f - +9 demon trident of the Cup {freeze, *Noise Will++}
rCold   . . .      Faith    .   b - +0 kite shield
rNeg    + . .      Spirit   .   o - +1 plate armour
rPois   +          Reflect  .   (helmet unavailable)
rElec   .          Harm     .   J - +1 cloak "Gaufiqaa" {-Cast Rampage Fly rF-}
rCorr   .          Rampage  +   N - +2 pair of gloves of Puckish Mirth {Will++ Str+2 Stlth+}
Will    +++++      NoCast   +   u - +0 pair of boots of Alyorph {rF++ rN+ Int+4}
Stlth   ..........              l - amulet of regeneration
HPRegen 1.34/turn               i - +6 ring of dexterity
MPRegen 0.17/turn               y - ring of poison resistance

@: heroic, finesse-ful, flying
A: horns 3, retaliatory headbutt, fangs 1, clever 1, sense surroundings 1,
screaming 1, evolution 1
a: Renounce Religion, Heroism, Finesse, Duel


You were in an ice cave.
You worshipped Okawaru.
Okawaru was exalted by your worship.
You visited 5 branches of the dungeon, and saw 22 of its levels.
You also visited: Sewer, Ossuary, Bailey, Gauntlet and Ice Cave.

You collected 2628 gold pieces.
You spent 211 gold pieces at shops.

Inventory:

Hand Weapons
 f - the +9 demon trident of the Cup (weapon) {freeze, *Noise Will++}
   (You acquired it on level 6 of the Lair of Beasts)

   It freezes those it strikes, dealing additional cold damage.
   It can also slow down cold-blooded creatures.
   *Noise:    It may make noises in combat.
   Will:      It greatly increases your willpower.
Missiles
 k - 49 boomerangs (quivered)
 m - 9 boomerangs of dispersal
 n - 12 silver javelins
 p - 40 poisoned darts
 z - a throwing net
 D - 6 javelins
 H - 12 atropa-tipped darts
 M - 2 silver boomerangs
Armour
 b - a +0 kite shield (worn)
 o - a +1 plate armour (worn)
 s - a +1 cloak
 u - the +0 pair of boots of Alyorph (worn) {rF++ rN+ Int+4}
   (You acquired it on level 6 of the Dungeon)

   Int:       It affects your intelligence (+4).
   rF:        It greatly protects you from fire.
   rN:        It protects you from negative energy.
 J - the +1 cloak "Gaufiqaa" (worn) {-Cast Rampage Fly rF-}
   (You found it in a Gauntlet)

   rF:        It makes you vulnerable to fire.
   Fly:       It grants you flight.
   -Cast:     It prevents spellcasting.
   Rampage:   It bestows one free step when moving towards enemies.
 N - the +2 pair of gloves of Puckish Mirth (worn) {Will++ Str+2 Stlth+}
   (You found it on level 1 of the Orcish Mines)

   Str:       It affects your strength (+2).
   Will:      It greatly increases your willpower.
   Stlth:     It makes you more stealthy.
 O - a +1 hat of intelligence
Jewellery
 i - a +6 ring of dexterity (left hand)
 l - an amulet of regeneration (around neck)
 v - a ring of protection from cold
 y - a ring of poison resistance (right hand)
Wands
 q - a wand of acid (9)
 t - a wand of paralysis (15)
 x - a wand of iceblast (31)
 E - a wand of polymorph (10)
 G - a wand of digging (11)
Scrolls
 c - 7 scrolls of teleportation
 A - 3 scrolls of fog
 I - 3 scrolls of fear
 L - a scroll of magic mapping
 P - a scroll of amnesia
Potions
 a - a potion of invisibility {unknown}
 d - 2 potions of might
 e - a potion of mutation
 g - 2 potions of lignification
 h - 5 potions of curing
 r - 2 potions of resistance
 B - 3 potions of flight
 C - 2 potions of heal wounds
 F - a potion of haste
 Q - a potion of cancellation {unknown}
Miscellaneous
 j - a condenser vane
 w - a phial of floods


   Skills:
 + Level 16.8(21.8) Fighting
 - Level 14.0(19.0) Polearms
 + Level 11.4(16.4) Throwing
 - Level 11.0(16.0) Armour
 - Level 15.0(20.0) Shields
 + Level 8.5 Invocations
 + Level 4.5 Evocations


You had 14 spell levels left.
You didn't know any spells.
Your spell library contained the following spells:

 Spells                   Type           Power      Damage    Failure   Level
 Magic Dart               Conj           0%         1d3       99%         1
 Slow                     Hex            0%         N/A       99%         1
 Corpse Rot               Necr/Air       0%         N/A       100%        2
 Poisonous Vapours        Pois/Air       0%         N/A       100%        2
 Searing Ray              Conj           0%         2d4       100%        2
 Static Discharge         Conj/Air       0%         N/A       100%        2
 Confusing Touch          Hex            0%         N/A       100%        3
 Dazzling Flash           Conj/Hex       0%         N/A       100%        3
 Inner Flame              Hex/Fire       0%         N/A       100%        3
 Vampiric Draining        Necr           0%         2d6       100%        3
 Cause Fear               Hex            0%         N/A       100%        4
 Fulminant Prism          Conj/Hex       0%         3d6       100%        4
 Iskenderun's Mystic Bla  Conj/Tloc      0%         2d3       100%        4
 Agony                    Necr           0%         N/A       100%        5
 Blade Hands              Tmut           0%         N/A       100%        5
 Fireball                 Conj/Fire      0%         3d3       100%        5
 Irradiate                Conj/Tmut      0%         3d14      100%        5
 Iskenderun's Battlesphe  Conj           0%         2d6       100%        5
 Lee's Rapid Deconstruct  Erth           0%         3d5*      100%        5
 Lightning Bolt           Conj/Air       0%         1d11      100%        5
 Silence                  Hex/Air        0%         N/A       100%        5
 Conjure Ball Lightning   Conj/Air       0%         3x3d6     100%        6
 Dragon Form              Tmut           0%         N/A       100%        7
 Orb of Destruction       Conj           0%         N/A       100%        7
 Discord                  Hex            0%         N/A       100%        8
 Disjunction              Tloc           0%         N/A       100%        8
 Maxwell's Capacitive Co  Air            0%         ∞         100%        8


Dungeon Overview and Level Annotations

Branches:
Dungeon (11/15)            Temple (1/1) D:5            Lair (6/6) D:9
 Shoals (0/4) Lair:3        Snake (2/4) Lair:4        Slime (0/5) Lair:6
    Orc (2/2) D:11            Elf (0/3) Orc:2         Sewer (visited)
Ossuary (visited)          Bailey (visited)           IceCv (1/1)
Gauntlet (visited)

Altars:
Ashenzari
Cheibriados
Dithmenos
Elyvilon
Fedhas
Gozag
Hepliaklqana
Kikubaaqudgha
Makhleb
Nemelex Xobeh
Okawaru
Qazlal
Ru
Sif Muna
Trog
Uskayaw
Vehumet
Wu Jian
Xom
Yredelemnul
Zin
The Shining One
Jiyva

Shops:
D:1 =   D:8 *   D:9 *?[(   Orc:2 (([[   Snake:1 =

Annotations:
Lair:6 1 runed translucent door


Innate Abilities, Weirdness & Mutations

You have a pair of large horns on your head.
You reflexively headbutt those who attack you in melee.
You have very sharp teeth.
Your mind is acute. (Int +2)
You passively map a small area around you.
You occasionally shout uncontrollably at your foes.
You have hidden genetic potential.


Message History

The six-headed hydra simulacrum vaporises!
Okawaru accepts your kill.
You closely miss the freezing wraith. You headbutt the freezing wraith.
The freezing wraith is lightly damaged.
You block the freezing wraith's attack. x2
You impale the freezing wraith!!
You headbutt the freezing wraith, but do no damage.
The freezing wraith is heavily damaged.
You block the freezing wraith's attack. x2
You puncture the freezing wraith! You headbutt the freezing wraith.
The freezing wraith is severely damaged.
You puncture the freezing wraith!
You destroy the freezing wraith!
Okawaru accepts your kill.
No target in view!
There is an open door here.
You reach down and open the door.
There is an open door here.
There is a dry fountain here.
You reach down and open the door.
An Ice Fiend comes into view.
The Ice Fiend roars!
The Ice Fiend gestures at you. The bolt of cold hits you!
Found five items.
You gain the combat prowess of a mighty hero.
The Ice Fiend calls on the powers of darkness!
Your body is wracked with pain!
You can now deal lightning-fast blows.
Reach: f) +9 demon trident of the Cup {freeze, *Noise Will++}
Press: ? - help, Dir - move target
Okay, then.
The Ice Fiend calls on the powers of darkness!
Your body is wracked with pain!
The Ice Fiend calls on the powers of darkness!
Your body is wracked with pain!
* * * LOW HITPOINT WARNING * * *
The Ice Fiend gestures at you. The bolt of cold hits you!!!
You die...

### ####⌠####
#...1...#
#1##'##.#
#.#[.(# #
#.#.⌠?#,
##.#$.:#
####8@#####.8
#............
#'######+####*
+*
#.#,+.......+
#.# #.8...8.#
#.#,+.......+ *
#.###.8...8.###
#.'...........
, #.###.8...8.#
,


You could see an Ice Fiend.

Vanquished Creatures
  Aizul (Snake:1)
  The ghost of Qieck the Blocker, a journeyman DrCj of Hepliaklqana (Orc:1)
  A dire elephant (Lair:5)
  A minotaur (Gauntlet)
  3 naga warriors (Snake:1)
  A boulder beetle (Lair:5)
  A caustic shrike simulacrum (IceCv)
  The ghost of Keteenuk the Protected, a journeyman GnWn of Okawaru (Orc:1)
  2 catoblepae
  4 hydras
  A death knight (D:10)
  3 two-headed ogres
  A merfolk avatar (Lair:6)
  3 anacondas
  6 death yaks (Lair:6)
  4 orc high priests (Orc:2)
  A shock serpent (Snake:1)
  A salamander mystic (Snake:2)
  A sea snake (Lair:6)
  2 obsidian statues (IceCv)
  A naga ritualist (Snake:1)
  2 harpies (Lair:6)
  3 mana vipers (Snake:1)
  An orc sorcerer (Orc:2)
  A deep elf pyromancer (D:11)
  A salamander (Snake:1)
  2 cyclopes
  An ice statue (Gauntlet)
  3 manticores
  A guardian serpent (Snake:1)
  17 elephants
  15 black mambas
  Joseph (D:7)
  4 naga magi
  A large abomination (Gauntlet)
  2 torpor snails
  An unseen horror (D:8)
  2 molten gargoyles (Gauntlet)
  A gargoyle (Gauntlet)
  13 cane toads
  An efreet (Gauntlet)
  3 freezing wraiths (IceCv)
  3 rime drakes
  7 komodo dragons
  An entropy weaver simulacrum (IceCv)
  2 queen bees
  4 trolls
  A meliai (D:10)
  4 golden dragon simulacra (IceCv)
  3 polar bears
  3 wind drakes (Lair:6)
  3 hornets
  17 dream sheep
  14 blink frogs
  2 shadows
  4 wyverns
  Sigmund (D:6)
  A vampire (D:11)
  3 wraiths
  33 yaks
  3 basilisks
  2 spriggan simulacra (IceCv)
  2 fire elementals (Gauntlet)
  6 steam dragons
  4 vampire mosquitoes (D:9)
  7 wargs
  4 nagas
  A hell hound (Gauntlet)
  A hydra simulacrum (IceCv)
  13 water moccasins
  18 orc warriors
  2 ice beasts (D:6)
  5 ogres
  9 centaurs
  2 necrophages
  5 wolves (Lair:3)
  3 phantoms
  The ghost of pokeman the Magician, an amateur DEWz (D:3)
  2 kobold brigands
  12 bullfrogs
  A wyvern zombie (D:3)
  5 scorpions
  A gnoll sergeant (D:5)
  29 killer bees
  A lindwurm simulacrum (IceCv)
  7 wights
  2 electric eels (D:6)
  3 howler monkeys
  2 centaur zombies
  2 bullfrog zombies
  6 jellies
  4 small abominations (Gauntlet)
  2 hounds
  16 orc priests
  3 centaur skeletons
  5 iguanas
  23 orc wizards
  Terence (D:2)
  A hound skeleton (D:4)
  2 mummies (Ossuary)
  3 howler monkey zombies (D:9)
  17 gnolls
  10 adders
  2 shadow imps
  An ufetubus (D:5)
  An adder skeleton (D:4)
  2 worms (D:3)
  4 dart slugs
  55 orcs
  14 endoplasms
  16 giant cockroaches
  3 gnoll zombies (Ossuary)
  9 goblins
  9 hobgoblins
  5 jackals (D:4)
  27 kobolds
  15 quokkas
  12 ball pythons
  6 bats
  10 frilled lizards
  2 goblin zombies (Ossuary)
  4 hobgoblin zombies (Ossuary)
  5 orc zombies (Ossuary)
  A rat (D:1)
673 creatures vanquished.

Vanquished Creatures (others)
  A rime drake (Gauntlet)
  37 fungi
  50 plants
88 creatures vanquished.

Grand Total: 761 creatures vanquished

Notes
Turn   | Place    | Note
-------+----------+-------------------------------------------
     0 | D:1      | TheGamechu the Minotaur Fighter began the quest for the
                  | Orb.
     0 | D:1      | Reached XP level 1. HP: 19/19 MP: 0/0
    81 | D:1      | Reached XP level 2. HP: 27/27 MP: 1/1
    85 | D:1      | Found Umeiq's Jewellery Shoppe.
   247 | D:1      | Reached skill level 4 in Fighting
   405 | D:2      | Reached XP level 3. HP: 30/33 MP: 2/2
   443 | D:2      | Found a faded altar of an unknown god.
   531 | D:2      | Noticed a necrophage
   544 | D:2      | Killed a necrophage
   545 | D:2      | Reached skill level 1 in Throwing
   545 | D:2      | Reached XP level 4. HP: 20/41 MP: 3/3
   758 | D:2      | Noticed Terence
   763 | D:2      | Killed Terence
   764 | D:2      | Reached XP level 5. HP: 38/47 MP: 4/4
  1664 | D:3      | Found a transporter.
  1665 | D:3      | Noticed pokeman's ghost (amateur DEWz)
  1667 | D:3      | Found a transporter.
  2148 | D:3      | Reached skill level 5 in Fighting
  2148 | D:3      | Reached skill level 5 in Armour
  2160 | D:3      | Killed pokeman's ghost
  2161 | D:3      | Reached XP level 6. HP: 41/56 MP: 5/5
  2269 | D:4      | Found a snail-covered altar of Cheibriados.
  2307 | D:4      | Found an ancient bone altar of Kikubaaqudgha.
  2384 | D:4      | Reached skill level 5 in Polearms
  2384 | D:4      | Reached XP level 7. HP: 56/62 MP: 6/6
  2679 | D:4      | Found a shadowy altar of Dithmenos.
  2773 | D:4      | Reached skill level 6 in Fighting
  3208 | D:4      | Found a stormy altar of Qazlal.
  3605 | D:5      | Entered Level 5 of the Dungeon
  3642 | D:5      | Found a glowing drain.
  3651 | Sewer    | Entered a sewer
  3908 | Sewer    | Reached XP level 8. HP: 71/71 MP: 7/7
  4023 | D:5      | Identified the +0 leather armour of Haont {rPois rF- Str+6
                  | SInv}
  4090 | D:5      | Found a staircase to the Ecumenical Temple.
  4114 | Temple   | Entered the Ecumenical Temple
  4336 | Temple   | Became a worshipper of Warmaster Okawaru
  4375 | D:5      | Reached skill level 7 in Fighting
  4557 | D:5      | Reached skill level 5 in Shields
  4557 | D:5      | Reached skill level 1 in Invocations
  4650 | D:5      | Reached * piety under Okawaru
  4729 | D:5      | Found a glowing silver altar of Zin.
  5178 | D:6      | Found a broken altar of Ashenzari.
  5246 | D:6      | Reached XP level 9. HP: 29/81 MP: 9/9
  5248 | D:6      | Reached skill level 8 in Fighting
  5336 | D:6      | Identified a scroll of acquirement
  5336 | D:6      | Acquired the +0 pair of boots of Alyorph {rF++ rN+ Int+4}
  5344 | D:6      | Noticed Sigmund
  5356 | D:6      | Killed Sigmund
  5498 | D:6      | Found a sand-covered staircase.
  5506 | Ossuary  | Entered an ossuary
  5931 | D:7      | Reached ** piety under Okawaru
  6304 | D:7      | Noticed Joseph
  6327 | D:7      | Killed Joseph
  6328 | D:7      | Reached skill level 9 in Fighting
  6878 | D:7      | Found a bloodstained altar of Trog.
  7435 | D:8      | Reached XP level 10. HP: 89/91 MP: 12/12
  7507 | D:8      | Reached *** piety under Okawaru
  7508 | D:8      | Reached skill level 5 in Invocations
  7553 | D:8      | Found Futan's General Store.
  7567 | D:8      | Bought a potion of curing for 45 gold pieces
  7567 | D:8      | Bought a potion of curing for 45 gold pieces
  7984 | D:9      | Found an opulent altar of Gozag.
  8001 | D:9      | Paralysed by a hornet for 2 turns
  8056 | D:9      | Found Soptamagip's Assorted Antiques.
  8091 | D:9      | Reached skill level 10 in Fighting
  8098 | D:9      | Reached **** piety under Okawaru
  8189 | D:9      | Received a gift from Okawaru
  8281 | D:9      | Found a staircase to the Lair.
  8298 | D:9      | Reached skill level 10 in Polearms
  8353 | D:9      | Found Hownoawu's Magic Scroll Shop.
  8413 | D:9      | Found Jazalak's Antique Armour Shoppe.
  8438 | D:9      | Bought a pair of gloves for 121 gold pieces
  8446 | D:9      | Found Icuola's Antique Weapon Shop.
  8505 | D:9      | Identified the +1 chain mail "Qatuff" {Rampage}
  8639 | D:10     | Entered Level 10 of the Dungeon
  8682 | D:10     | Received a gift from Okawaru
  8864 | D:10     | Noticed a death knight
  8883 | D:10     | Killed a death knight
  8980 | D:10     | Reached XP level 11. HP: 101/101 MP: 15/15
  9022 | D:10     | Found an opulent altar of Gozag.
  9350 | D:10     | Reached skill level 11 in Fighting
  9810 | D:10     | Received a gift from Okawaru
  9904 | D:11     | Noticed a two-headed ogre
  9906 | D:11     | Found a staircase to the Orcish Mines.
  9913 | D:11     | Killed a two-headed ogre
  9931 | D:11     | Reached skill level 10 in Shields
 10019 | D:11     | Reached ***** piety under Okawaru
 10078 | D:11     | Noticed a two-headed ogre
 10094 | D:11     | Killed a two-headed ogre
 10122 | D:11     | Found a flagged portal.
 10132 | Bailey   | Entered a bailey
 10329 | Bailey   | Noticed an orc knight
 10514 | D:11     | Noticed a deep elf pyromancer
 10532 | D:11     | Killed a deep elf pyromancer
 10532 | D:11     | Received a gift from Okawaru
 10962 | Lair:1   | Entered Level 1 of the Lair of Beasts
 10977 | Lair:1   | You fall into a shaft and drop 1 floor!
 11023 | Lair:2   | Received a gift from Okawaru
 11051 | Lair:2   | Reached skill level 12 in Fighting
 11335 | Lair:2   | Received a gift from Okawaru
 11336 | Lair:2   | Reached skill level 5 in Throwing
 11711 | Lair:3   | Found a gate leading to a gauntlet.
 11866 | Lair:3   | Reached XP level 12. HP: 113/113 MP: 17/17
 12021 | Gauntlet | Entered a Gauntlet
 12021 | Gauntlet | Found a transporter.
 12031 | Gauntlet | Found a transporter.
 12033 | Gauntlet | Found a transporter.
 12034 | Gauntlet | Found a transporter.
 12043 | Gauntlet | Found a transporter.
 12045 | Gauntlet | Found a transporter.
 12046 | Gauntlet | Found a transporter.
 12057 | Gauntlet | Found a transporter.
 12058 | Gauntlet | Found a transporter.
 12062 | Gauntlet | Found a transporter.
 12066 | Gauntlet | Found a transporter.
 12069 | Gauntlet | Found a transporter.
 12070 | Gauntlet | Found a transporter.
 12075 | Gauntlet | Noticed a catoblepas
 12078 | Gauntlet | Found a transporter.
 12244 | Gauntlet | Received a gift from Okawaru
 12410 | Gauntlet | Reached ****** piety under Okawaru
 12410 | Gauntlet | Received a gift from Okawaru
 12510 | Gauntlet | Received a gift from Okawaru
 12527 | Gauntlet | HP: 5/113 [catoblepas (2)]
 12551 | Gauntlet | HP: 8/169 [catoblepas (6)]
 12555 | Gauntlet | Killed a catoblepas
 12556 | Gauntlet | Reached skill level 13 in Fighting
 12700 | Gauntlet | Noticed a minotaur
 12724 | Gauntlet | Killed a minotaur
 12781 | Gauntlet | Identified the +1 cloak "Gaufiqaa" {-Cast Rampage Fly rF-}
 12847 | Lair:3   | Found a staircase to the Shoals.
 12859 | Lair:3   | Received a gift from Okawaru
 13157 | Lair:3   | Noticed a four-headed hydra
 13178 | Lair:3   | Killed a four-headed hydra
 14304 | Lair:1   | Identified the +1 robe "Zuugaghe" {rElec rCorr Slay-6 SInv}
 14396 | Lair:4   | Noticed a seven-headed hydra
 14400 | Lair:4   | Received a gift from Okawaru
 14418 | Lair:4   | Killed a seven-headed hydra
 14433 | Lair:4   | Reached XP level 13. HP: 92/123 MP: 18/18
 14603 | Lair:4   | Found a staircase to the Snake Pit.
 15014 | Lair:4   | Reached skill level 14 in Fighting
 15453 | Lair:5   | Identified the +2 pair of gloves "Wuozxuk" {rN+}
 15610 | Lair:5   | Received a gift from Okawaru
 15716 | Lair:5   | Noticed a dire elephant
 15739 | Lair:5   | Killed a dire elephant
 16118 | Lair:5   | Received a gift from Okawaru
 16563 | Lair:6   | Entered Level 6 of the Lair of Beasts
 16876 | Lair:6   | Received a gift from Okawaru
 16935 | Lair:6   | Reached skill level 15 in Fighting
 16965 | Lair:6   | Found a runed translucent door.
 16965 | Lair:6   | Found a viscous altar of Jiyva.
 16988 | Lair:6   | Acquired the +9 demon trident of the Cup {freeze, *Noise
                  | Will++}
 17027 | Lair:6   | Received a gift from Okawaru
 17031 | Lair:6   | Reached XP level 14. HP: 135/135 MP: 19/19
 17150 | Lair:6   | Received a gift from Okawaru
 17340 | Lair:6   | Received a gift from Okawaru
 17346 | Lair:6   | Found the +7 captain's cutlass {speed, disarm}
 17364 | Lair:6   | Reached skill level 10 in Throwing
 17478 | Lair:6   | Noticed an acid blob
 17479 | Lair:6   | Found a staircase to the Slime Pits.
 17647 | Lair:6   | Reached skill level 15 in Shields
 18135 | Orc:1    | Entered Level 1 of the Orcish Mines
 18521 | Orc:1    | Reached skill level 1 in Evocations
 18592 | Orc:2    | Entered Level 2 of the Orcish Mines
 18643 | Orc:1    | Found a runed translucent gate.
 18644 | Orc:1    | Found a runed translucent gate.
 18644 | Orc:1    | Found a runed translucent gate.
 18752 | Orc:1    | Noticed Keteenuk's ghost (journeyman GnWn)
 18752 | Orc:1    | Noticed Qieck's ghost (journeyman DrCj)
 18773 | Orc:1    | Killed Keteenuk's ghost
 18774 | Orc:1    | Reached skill level 10 in Armour
 18784 | Orc:1    | Killed Qieck's ghost
 18809 | Orc:1    | Identified the +2 pair of gloves of Puckish Mirth {Will++
                  | Str+2 Stlth+}
 18893 | Orc:2    | Reached skill level 16 in Fighting
 19129 | Orc:2    | Found Qeippir's Armour Shoppe.
 19129 | Orc:2    | Found Fatzabo's Antique Armour Shoppe.
 19130 | Orc:2    | Found Ownun's Weapon Emporium.
 19134 | Orc:2    | Found Moehun's Antique Weapon Emporium.
 19196 | Orc:2    | Found a staircase to the Elven Halls.
 19391 | Orc:2    | Found a shimmering blue altar of Sif Muna.
 19730 | Snake:1  | Entered Level 1 of the Snake Pit
 19754 | Snake:1  | Noticed Aizul
 19768 | Snake:1  | Killed Aizul
 19807 | Snake:1  | Found Xeonurez's Distillery.
 19844 | Snake:1  | Found Zuplots's Jewellery Boutique.
 20066 | Snake:1  | Received a gift from Okawaru
 20070 | Snake:1  | Reached XP level 15. HP: 46/145 MP: 12/20
 20576 | Snake:2  | Found a frozen archway.
 20583 | IceCv    | Entered an ice cave
 20652 | IceCv    | Gained mutation: You sometimes lose the ability to read
                  | scrolls when taking damage. [a neqoxec]
 20668 | IceCv    | Gained mutation: Your magical capacity is low. (-10% MP) [a
                  | neqoxec]
 20696 | IceCv    | Gained mutation: Armour fits poorly on your strangely
                  | shaped body. [a neqoxec]
 20701 | IceCv    | Gained mutation: Your body sometimes deteriorates upon
                  | taking damage. [a neqoxec]
 20741 | IceCv    | Lost mutation: You sometimes lose the ability to read
                  | scrolls when taking damage. [potion of mutation]
 20741 | IceCv    | Lost mutation: Your body sometimes deteriorates upon taking
                  | damage. [potion of mutation]
 20741 | IceCv    | Gained mutation: You possess an exceptional clarity of
                  | mind. [potion of mutation]
 20741 | IceCv    | Gained mutation: You have a pair of large horns on your
                  | head. [potion of mutation]
 20741 | IceCv    | Gained mutation: You are robust. (+10% HP) [potion of
                  | mutation]
 20742 | IceCv    | Lost mutation: You are robust. (+10% HP) [potion of
                  | mutation]
 20742 | IceCv    | Lost mutation: Your magical capacity is low. (-10% MP)
                  | [potion of mutation]
 20742 | IceCv    | Gained mutation: You occasionally shout uncontrollably at
                  | your foes. [potion of mutation]
 20742 | IceCv    | Gained mutation: Your mind is acute. (Int +2) [potion of
                  | mutation]
 20742 | IceCv    | Gained mutation: You expend magic power (3 MP) to
                  | strengthen your wands. [potion of mutation]
 20743 | IceCv    | Lost mutation: You possess an exceptional clarity of mind.
                  | [potion of mutation]
 20743 | IceCv    | Lost mutation: Armour fits poorly on your strangely shaped
                  | body. [potion of mutation]
 20743 | IceCv    | Lost mutation: You expend magic power (3 MP) to strengthen
                  | your wands. [potion of mutation]
 20743 | IceCv    | Gained mutation: You have very sharp teeth. [potion of
                  | mutation]
 20743 | IceCv    | Gained mutation: You have hidden genetic potential. [potion
                  | of mutation]
 20743 | IceCv    | Gained mutation: You passively map a small area around you.
                  | [potion of mutation]
 21027 | IceCv    | Noticed an Ice Fiend
 21036 | IceCv    | Killed from afar by an Ice Fiend

Illustrated notes

Levels and vault maps discovered:
D:1:      saegor_arrival_simple_a, layout_rooms, serial_shops, shop
D:2:      layout_rooms, dreamdust_ecumenical_altar_sealed_demon,
          chequers_serial_rivers_room_b, uniq_terence
D:3:      minmay_razor_zed, layout_loops_corners, gammafunk_ghost_mausoleum
D:4:      minmay_recursive_quarters, layout_layer_cave, marbit_many_paths,
          lemuel_tele_altar, mainiacjoe_overflow_catwalk_spiral,
          serial_park_tiny_pond
D:5:      layout_loops_ring, mainiacjoe_overflow_paths,
          minmay_temple_entry_crystal_x, portal_sewer_entry_d
D:6:      layout_cave_pools, kennysheep_little_box, chequers_ossuary_entry_cave,
          grunt_ministairs_15, serial_bayou_lagoon_a, uniq_sigmund
D:7:      layout_layer_cave, lemuel_coloured_pillars_altar,
          grunt_decor_fettered, kennysheep_generic_room_3, uniq_joseph
D:8:      layout_cave_pools, serial_shops, nicolae_shop_statue_plus
D:9:      layout_cross, nicolae_gozag_seed_capital, david_lair_shrubbed,
          serial_shops, shop, nicolae_shop_temple_entry_statues_fountains, shop,
          nicolae_shop_advertising_works [nicolae_subvault_shop_adworks]
D:10:     layout_gridville, minmay_ruined_shrine
D:11:     minmay_spotlight, layout_rooms, david_orc_2,
          lightli_bailey_entry_fortress
Temple:   dpeg_chambers_temple
Lair:1:   layout_misc_corridors, wad_woods_road_02, serial_bayou_shore_b,
          lemuel_fruit_fields
Lair:2:   layout_gridlike, columned_hall_lemuel, chequers_serial_rivers_small_a
Lair:3:   layout_roguey, minmay_shoals_entry_centaurs, special_room
          [special_room_bee], gauntlet_entry_generic
Lair:4:   layout_regular_city, dummy_snake_entry
Lair:5:   nzn_winding_woodlands_cross [nzn_winding_woodlands_5x15_zeroes,
          nzn_winding_woodlands_5x15_jagged, nzn_winding_woodlands_5x15_pockets,
          nzn_winding_woodlands_5x15_eye,
          nzn_winding_woodlands_15x15_thick_spiral], layout_loops_ring
Lair:6:   gammafunk_lair_ancient_temple, layout_regular_city, slime_altar_2,
          chequers_serial_rivers_micro_e, chequers_serial_rivers_large_b
Snake:1:  layout_rooms, nicolae_snake_slithery_hallway, minmay_shoptagon,
          uniq_aizul
Snake:2:  layout_misc_corridors, portal_ice_cave_entry_pillars_2
Orc:1:    cheibrodos_orc_guarddog, layout_caves, gammafunk_ghost_cemetery
Orc:2:    st_orc_mages, layout_caves, kennysheep_orc_sif_temple
IceCv:    ice_cave_tombish

Skill      XL: |  1  2  3  4  5  6  7  8  9 10 11 12 13 14 15 |
---------------+----------------------------------------------+-----
Armour         | 4 5 6 8 10 11 | 11.0
Shields        | 4 5 7 9 11 12 14 15 | 15.0
Fighting       | 4 5 6 7 9 10 12 13 15 16 | 16.8
Polearms       | 3 4 5 7 9 10 12 13 14 | 14.0
Throwing       | 1 2 3 4 5 7 9 11 | 11.4
Invocations    | 2 4 6 8 |  8.5
Evocations     | 3 4 |  4.5

Action                   |  1- 3 |  4- 6 |  7- 9 | 10-12 | 13-15 || total
-------------------------+-------+-------+-------+-------+-------++-------
Melee: Trident           |    64 |   105 |   567 |   801 |   385 ||  1922
       Headbutt          |       |    24 |   113 |   279 |   252 ||   668
       Spear             |       |       |       |    89 |       ||    89
       Demon trident     |       |       |       |       |   514 ||   514
       Bite              |       |       |       |       |     6 ||     6
Throw: Stone             |       |    11 |     1 |       |       ||    12
       Boomerang         |       |       |     8 |    65 |   114 ||   187
       Throwing net      |       |       |     3 |       |       ||     3
       Javelin           |       |       |       |       |    41 ||    41
Invok: Heroism           |       |       |     1 |     4 |     8 ||    13
       Finesse           |       |       |       |     2 |     6 ||     8
Evoke: Condenser vane    |       |       |       |       |     2 ||     2
       Wand              |       |       |       |       |     2 ||     2
  Use: Scroll            |       |     5 |     8 |    12 |     7 ||    32
       Potion            |       |       |       |    10 |     4 ||    14
 Stab: Fleeing           |       |       |       |     1 |       ||     1
       Distracted        |       |       |       |       |     1 ||     1
       Confused          |       |       |       |       |     2 ||     2
Armor: Scale mail        |    18 |    12 |       |       |       ||    30
       Plate armour      |       |    66 |   256 |   487 |   208 ||  1017
       Skin              |       |       |       |     3 |       ||     3
Dodge: Dodged            |    16 |    40 |    61 |   156 |   100 ||   373
Block: Buckler           |     6 |    23 |       |       |       ||    29
       Kite shield       |       |     8 |   221 |   560 |   360 ||  1149

Table legend: (Time is in decaauts)
 A = Elapsed time spent in this place.
 B = Non-inter-level travel time spent in this place.
 C = Inter-level travel time spent in this place.
 D = Time resting spent in this place.
 E = Time spent auto-exploring this place.
 F = Levels seen in this place.
 G = Mean time per level.
                   A        B        C        D        E       F      G
               +--------+--------+--------+--------+--------+-----+--------+
         Total |  20705 |  19399 |   1306 |    655 |  13718 |  27 |  766.9 |
       Dungeon |  10247 |   9649 |    598 |    159 |   7327 |  11 |  931.5 |
        Temple |    230 |    205 |     25 |      0 |    191 |   1 |  230.0 |
          Lair |   6091 |   5580 |    511 |    233 |   3993 |   6 | 1015.2 |
     Snake Pit |    796 |    747 |     49 |     87 |    477 |   2 |  398.0 |
  Orcish Mines |   1368 |   1246 |    122 |     13 |    853 |   2 |  684.0 |
         Sewer |    432 |    432 |      0 |      0 |    129 |   1 |  432.0 |
       Ossuary |    136 |    136 |      0 |      0 |     62 |   1 |  136.0 |
        Bailey |    258 |    258 |      0 |    100 |     40 |   1 |  258.0 |
      Ice Cave |    416 |    416 |      0 |     11 |    249 |   1 |  416.0 |
      Gauntlet |    725 |    725 |      0 |     51 |    396 |   1 |  725.0 |
               +--------+--------+--------+--------+--------+-----+--------+

Top non-repeatable levels by time:
     D:7: 1441 daAuts
     D:4: 1394 daAuts
  Lair:6: 1321 daAuts
    D:10: 1151 daAuts
     D:3: 1135 daAuts
  Lair:5: 1130 daAuts
  Lair:4: 1031 daAuts
     D:5: 989 daAuts
     D:9: 922 daAuts
  Lair:3: 920 daAuts
  Lair:1: 905 daAuts
    D:11: 797 daAuts
  Lair:2: 781 daAuts
 Snake:1: 750 daAuts
     D:2: 741 daAuts
